 Dungeon Crawl Stone Soup version 0.25.1-11-g244df3a29b (webtiles) character file.

Game seed: 15798181617347275654

14441 DeepDeath the Fencer (level 11, -3/97 HPs)
             Began as a Minotaur Fighter on Jan 24, 2024.
             Was an Elder of Fedhas.
             Slain by a swamp worm (8 damage)
             ... on level 2 of the Lair of Beasts.
             The game lasted 00:36:48 (12037 turns).

DeepDeath the Fencer (Minotaur Fighter)            Turns: 12037, Time: 00:36:52

Health: -3/97      AC: 14    Str: 23    XL:     11   Next: 88%
Magic:  14/14      EV: 13    Int:  6    God:    Fedhas [****..]
Gold:   734        SH:  0    Dex: 10    Spells: 10/10 levels left

rFire    . . .     SeeInvis .   w - +5 scimitar (vorpal)
rCold    + . .     Gourm    .   (no shield)
rNeg     + . .     Faith    .   E - +1 ring mail {rC+}
rPois    .         Spirit   .   (helmet restricted)
rElec    .         Reflect  .   z - +2 cloak {MR+}
rCorr    +         Harm     .   (no gloves)
MR       +....                  n - +2 pair of boots
Stlth    ..........             u - amulet of regeneration
HPRegen  0.66/turn              C - ring of resist corrosion
MPRegen  0.14/turn              H - ring of positive energy

@: confused
A: retaliatory headbutt, horns 2
a: Wall of Briars, Grow Ballistomycete, Overgrow, Renounce Religion


You were on level 2 of the Lair of Beasts.
You worshipped Fedhas.
Fedhas was greatly pleased with you.
You were hungry.

You visited 3 branches of the dungeon, and saw 13 of its levels.

You collected 734 gold pieces.

Inventory:

Hand Weapons
 a - a +0 long sword
 e - a +2 great sword of freezing
 s - a +0 rapier
 w - a +5 vorpal scimitar (weapon)
Missiles
 g - 12 bolts
 i - 228 arrows
 l - 93 sling bullets
 B - 19 boomerangs
 D - 110 poisoned darts (quivered)
 S - 6 silver javelins
Armour
 n - a +2 pair of boots (worn)
 z - a +2 cloak of magic resistance (worn)
 E - a +1 ring mail of cold resistance (worn)
Magical Staves
 m - an uncursed staff of wizardry {unknown}
 y - an uncursed staff of summoning {unknown}
Jewellery
 u - an amulet of regeneration (around neck)
 C - a ring of resist corrosion (left hand)
 H - a ring of positive energy (right hand)
 I - an uncursed amulet of guardian spirit {unknown}
Wands
 b - a wand of iceblast (16)
Scrolls
 h - 3 scrolls of magic mapping
 p - 5 scrolls of teleportation
 r - a scroll of enchant armour
 t - 6 scrolls of remove curse
 v - 2 scrolls of noise
 J - a scroll of fog
 L - 2 scrolls of amnesia
Potions
 c - a potion of curing
 d - a potion of might
 j - 2 potions of flight
 k - a potion of cancellation
 o - 2 potions of mutation
 q - 2 potions of brilliance
 x - a potion of haste
 F - a potion of stabbing
 G - a potion of ambrosia
 K - a potion of resistance {unknown}
Miscellaneous
 A - a tin of tremorstones (3/3)
Comestibles
 f - 30 rations


   Skills:
 + Level 9.0 Fighting
 * Level 16.0 Long Blades
 - Level 6.0 Throwing
 + Level 7.0 Armour
 + Level 5.0 Dodging
   Level 3.6 Shields
 + Level 6.0 Invocations
 - Level 2.0 Evocations


You had 10 spell levels left.
You didn't know any spells.
Your spell library contained the following spells:

 Spells                   Type           Power        Failure   Level  Hunger
 Apportation              Tloc           #.....       58%         1    ##.....
 Corona                   Hex            #......      58%         1    ##.....
 Foxfire                  Conj/Fire      #...         58%         1    ##.....
 Magic Dart               Conj           #...         58%         1    ##.....
 Summon Butterflies       Summ           #.......     58%         1    ##.....
 Blink                    Tloc           N/A          73%         2    ###....
 Call Imp                 Summ           #.......     73%         2    ###....
 Ensorcelled Hibernation  Hex/Ice        #.....       73%         2    ###....
 Slow                     Hex            #.......     73%         2    ###....
 Confusing Touch          Hex            #.......     91%         3    ####...
 Conjure Flame            Conj/Fire      #.......     91%         3    ####...
 Dazzling Flash           Conj/Hex       #.....       91%         3    ####...
 Inner Flame              Hex/Fire       #.......     91%         3    ####...
 Lesser Beckoning         Tloc           #.........   91%         3    ####...
 Mephitic Cloud           Conj/Pois/Air  #.......     91%         3    ####...
 Tukima's Dance           Hex            #.......     91%         3    ####...
 Sticky Flame             Conj/Fire      #.......     100%        4    #####..
 Alistair's Intoxication  Tmut/Pois      #.......     100%        5    ######.
 Fireball                 Conj/Fire      #.........   100%        5    ######.
 Invisibility             Hex            #.......     100%        6    #######


Dungeon Overview and Level Annotations

Branches:
Dungeon (10/15)            Temple (1/1) D:4            Lair (2/6) D:9
  Swamp: Lair:2-4    Shoals: Lair:2-4     Snake: Lair:2-4    Spider: Lair:2-4
    Orc: D:9-12

Altars:
Ashenzari
Cheibriados
Dithmenos
Elyvilon
Fedhas
Gozag
Hepliaklqana
Kikubaaqudgha
Makhleb
Nemelex Xobeh
Okawaru
Qazlal
Ru
Sif Muna
Trog
Uskayaw
Vehumet
Wu Jian
Xom
Yredelemnul
Zin
The Shining One

Shops:
D:7 (

Annotations:
D:1 dig
D:6 2 runed translucent doors, tkbsonic5's ghost, novice DDWz


Innate Abilities, Weirdness & Mutations

You reflexively headbutt those who attack you in melee.
You have a pair of horns on your head.


Message History

Unknown command.
Unknown command.
The swamp worm fires a harpoon shot at you.
The harpoon shot hits you!
* * * LOW HITPOINT WARNING * * *
You are yanked forward by the harpoon shot.
Unknown command.
Unknown command.
Unknown command.
Okay, then.
Unknown command.
It was a potion of ambrosia.
You are confused.
You feel invigorated. The swamp worm bites you!
* * * LOW HITPOINT WARNING * * *
The swamp worm barely misses you. The swamp worm bites you.
* * * LOW HITPOINT WARNING * * *
The swamp worm bites you!
You die...
Fedhas appreciates your contribution to the ecosystem.

.......♣♣
♣♣.............
...##...♣ §§
♣............# ### #P.♣♣
§♣♣♣ ♣............#
######..♣♣ §§.♣♣
♣............#
#P#.##...♣♣♣♣...♣
<...####.##...P
..##.#..♣♣≈≈≈≈... ♣...
..##...#
.......♣♣≈≈≈≈≈≈≈♣♣
..###...♣≈≈≈≈≈≈≈w♣♣ ..#
##..♣≈≈≈≈≈≈w@.♣ ..#
#...♣♣♣♣♣♣♣w.♣♣. ..#
##...♣♣♣♣P........#
.+###P....#.##.P##.....P
....[...................
..###.####.##P####..###.
.## ### ###### ## ##


You could see 3 swamp worms.

Vanquished Creatures
  2 two-headed ogres
  Nergalle (D:10)
  An unseen horror (D:6)
  A spiny frog (Lair:1)
  3 komodo dragons
  A queen bee (Lair:1)
  2 blink frogs (Lair:2)
  2 hippogriffs
  14 yaks
  A wyvern (D:9)
  3 hogs (D:8)
  A human (D:8)
  A steam dragon (D:10)
  A hungry ghost (D:8)
  Menkaure (D:6)
  6 water moccasins
  2 porcupines
  A black bear (D:10)
  An orc warrior (D:10)
  A sky beast (D:7)
  A phantom (D:7)
  2 ice beasts
  10 ogres
  5 wolves (Lair:1)
  2 centaurs
  6 crocodiles
  10 bullfrogs
  7 wights (D:6)
  22 killer bees
  2 crimson imps (D:5)
  A bullfrog zombie (D:7)
  4 howler monkeys
  3 hounds
  3 bullfrog skeletons
  A centaur skeleton (D:5)
  10 orc priests
  Crazy Yiuf (D:4)
  A jelly (D:10)
  13 orc wizards
  Jessica (D:2)
  2 iguanas (D:5)
  Terence (D:2)
  8 worker ants
  Natasha (twice) (D:4)
  A hound skeleton (D:8)
  A howler monkey zombie (D:7)
  Robin (D:2)
  13 adders
  A howler monkey skeleton (D:8)
  2 shadow imps
  An adder skeleton (D:8)
  6 worms
  2 dart slugs (D:1)
  4 leopard geckos
  42 orcs
  2 ball pythons
  7 bats
  7 giant cockroaches
  12 goblins
  10 hobgoblins
  A jackal (D:5)
  9 quokkas
  8 frilled lizards
  6 kobolds
  A leopard gecko zombie (D:6)
  A quokka zombie (D:5)
  9 rats
311 creatures vanquished.

Vanquished Creatures (collateral kills)
  7 killer bees (Lair:1)
  8 ballistomycete spores (Lair:2)
15 creatures vanquished.

Vanquished Creatures (others)
  2 hobgoblins (D:3)
  2 fungi
  A plant (Lair:1)
5 creatures vanquished.

Grand Total: 331 creatures vanquished

Notes
Turn   | Place    | Note
-------+----------+-------------------------------------------
     0 | D:1      | DeepDeath the Minotaur Fighter began the quest for the Orb.
     0 | D:1      | Reached XP level 1. HP: 19/19 MP: 0/0
   273 | D:1      | Reached skill level 3 in Long Blades
   273 | D:1      | Reached XP level 2. HP: 27/27 MP: 1/1
   874 | D:2      | Found a burning altar of Makhleb.
   877 | D:2      | Found a glowing silver altar of Zin.
   877 | D:2      | Noticed an angel
   877 | D:2      | Noticed Jessica
   879 | D:2      | Killed Jessica
   879 | D:2      | Reached skill level 4 in Long Blades
   879 | D:2      | Reached XP level 3. HP: 33/33 MP: 2/2
   880 | D:2      | Noticed a cacodemon
   959 | D:2      | Found an iron altar of Okawaru.
  1046 | D:2      | Reached XP level 4. HP: 40/40 MP: 3/3
  1073 | D:2      | Reached skill level 5 in Long Blades
  1244 | D:2      | Noticed Robin
  1253 | D:2      | Killed Robin
  1485 | D:2      | Noticed Terence
  1493 | D:2      | Killed Terence
  1493 | D:2      | Reached skill level 6 in Long Blades
  1493 | D:2      | Reached XP level 5. HP: 46/46 MP: 4/4
  2195 | D:3      | Found a white marble altar of Elyvilon.
  2261 | D:3      | Reached skill level 7 in Long Blades
  2690 | D:3      | Reached XP level 6. HP: 52/52 MP: 5/5
  2902 | D:4      | Found a staircase to the Ecumenical Temple.
  2921 | D:4      | Noticed Natasha
  2926 | D:4      | Killed Natasha
  2933 | Temple   | Entered the Ecumenical Temple
  3007 | Temple   | Became a worshipper of Fedhas Madash
  3177 | D:4      | Reached skill level 1 in Invocations
  3468 | D:4      | Reached skill level 8 in Long Blades
  3650 | D:4      | Found a runed translucent door.
  3651 | D:4      | Noticed Crazy Yiuf
  3732 | D:4      | Found a shimmering blue altar of Sif Muna.
  3979 | D:4      | Killed Crazy Yiuf
  4042 | D:5      | Entered Level 5 of the Dungeon
  4051 | D:5      | Reached XP level 7. HP: 58/60 MP: 6/6
  4092 | D:4      | Noticed Natasha
  4099 | D:4      | Killed Natasha
  4233 | D:5      | Reached skill level 1 in Dodging
  4247 | D:5      | Reached skill level 1 in Throwing
  4278 | D:5      | Reached skill level 1 in Evocations
  4438 | D:5      | Reached * piety under Fedhas
  4682 | D:5      | Reached skill level 5 in Fighting
  4762 | D:5      | Found a shimmering altar of Xom.
  4764 | D:5      | Reached skill level 9 in Long Blades
  4818 | D:5      | Reached XP level 8. HP: 54/68 MP: 8/8
  4872 | D:5      | Found a radiant altar of Vehumet.
  5376 | D:6      | Reached skill level 5 in Armour
  5769 | D:6      | Reached ** piety under Fedhas
  5806 | D:6      | Noticed Menkaure
  5815 | D:6      | Killed Menkaure
  6045 | D:6      | Killed an unseen horror
  6045 | D:6      | Reached skill level 10 in Long Blades
  6045 | D:6      | Reached XP level 9. HP: 37/75 MP: 10/10
  6152 | D:6      | Noticed a two-headed ogre
  6166 | D:6      | Killed a two-headed ogre
  6166 | D:6      | Reached skill level 11 in Long Blades
  6457 | D:6      | You fall into a shaft and drop 1 floor!
  6735 | D:6      | Found a runed translucent door.
  6736 | D:6      | Noticed tkbsonic5's ghost (novice DDWz)
  6784 | D:6      | Found a runed translucent door.
  7076 | D:7      | Reached skill level 12 in Long Blades
  7221 | D:7      | Found a basalt altar of Yredelemnul.
  7251 | D:7      | Found Coruts's Weapon Shoppe.
  7295 | D:7      | Found an ornate altar of the Wu Jian Council.
  7439 | D:7      | Reached XP level 10. HP: 55/86 MP: 12/12
  7529 | D:7      | Found a stormy altar of Qazlal.
  7548 | D:7      | Reached skill level 5 in Dodging
  7988 | D:8      | Noticed a moth of wrath
  7991 | D:8      | Found a bloodstained altar of Trog.
  8113 | D:8      | Reached skill level 5 in Invocations
  8125 | D:8      | Reached *** piety under Fedhas
  8190 | D:8      | Reached skill level 13 in Long Blades
  8718 | D:9      | Found a staircase to the Lair.
  8738 | D:9      | Found an opulent altar of Gozag.
  8766 | D:9      | Reached **** piety under Fedhas
  8766 | D:9      | Reached skill level 14 in Long Blades
  9062 | D:10     | Entered Level 10 of the Dungeon
  9154 | D:10     | Noticed Nergalle
  9228 | D:10     | Killed Nergalle
  9331 | D:10     | Reached XP level 11. HP: 86/94 MP: 13/13
  9690 | D:10     | Noticed a two-headed ogre
  9714 | D:10     | Killed a two-headed ogre
  9789 | D:10     | Reached skill level 15 in Long Blades
  9789 | D:10     | Reached skill level 5 in Throwing
 10201 | Lair:1   | Entered Level 1 of the Lair of Beasts
 11924 | Lair:2   | Reached skill level 16 in Long Blades
 12037 | Lair:2   | Slain by a swamp worm

Illustrated notes

Levels and vault maps discovered:
D:1:      dpeg_arrival_water_temple_mockup, layout_loops_corners,
          minmay_statues_item
D:2:      layout_basic, grunt_temple_overflow_order_and_chaos_2,
          okawaru_gym_becter, minmay_quadrilaterals, uniq_robin, uniq_jessica,
          uniq_terence
D:3:      minmay_recursive_quarters, layout_basic, elyvilon_altar_4,
          first_ration
D:4:      layout_loops_ring, lemuel_blue_sif_altar, minmay_temple_entry_slanted,
          uniq_natasha, uniq_crazy_yiuf_cottage
D:5:      minmay_razor_zed, layout_loops_cross, xom_teletrap_fun,
          vehumet_crystals, minmay_misc_feat_columns, kennysheep_generic_room_5
D:6:      minmay_cornered_nines, layout_basic, ebering_ghost_sewer_f,
          uniq_menkaure
D:7:      layout_loops_ring, lemuel_coloured_pillars_altar, kennysheep_mini,
          nicolae_qazlal_eye_of_the_storm, serial_shops, shop
D:8:      layout_basic, tgw_trog, grunt_livestock
D:9:      layout_cave_pools, overflow_temple_1_default, dpeg_oklobed_lair
D:10:     layout_basic, minmay_misc_feat_five, minivault_11, uniq_nergalle
Temple:   eino_wide_crystal_templ
Lair:1:   layout_roguey, special_room [special_room_bee],
          small_statue_intersection, nicolae_quartered_pool_medium,
          bh_autumn_forest_stairs, grunt_megastairs_5
Lair:2:   layout_regular_city, palyth_hydra_swamp_entry,
          chequers_serial_rivers_micro_c

Skill      XL: |  1  2  3  4  5  6  7  8  9 10 11 |
---------------+----------------------------------+-----
Long Blades    | 3 4 6 7 8 9 10 12 14 16 | 16.0
Fighting       | 4 5 6 7 8 9 |  9.0
Armour         | 4 6 7 |  7.0
Invocations    | 1 2 3 4 5 6 |  6.0
Dodging        | 2 3 4 5 |  5.0
Throwing       | 1 2 4 6 |  6.0
Evocations     | 1 2 |  2.0
Shields        | |  3.6

Action                   |  1- 3 |  4- 6 |  7- 9 | 10-12 || total
-------------------------+-------+-------+-------+-------++-------
Melee: Long sword        |    52 |   153 |   249 |       ||   454
       Headbutt          |     6 |    28 |    51 |    55 ||   140
       Scimitar          |       |       |    43 |   326 ||   369
Throw: Stone             |       |     3 |     6 |       ||     9
       Boomerang         |       |       |    17 |    10 ||    27
       Dart              |       |       |     8 |    57 ||    65
Invok: Wall of Briars    |       |       |       |     4 ||     4
       Grow Ballistomyce |       |       |       |     1 ||     1
Evoke: Wand              |       |       |     8 |     2 ||    10
  Use: Scroll            |     1 |    10 |    11 |    10 ||    32
       Potion            |       |       |     2 |     4 ||     6
 Stab: Paralysed         |       |       |     5 |       ||     5
  Eat: Chunk             |       |    10 |     8 |    15 ||    33
       Ration            |       |       |     1 |       ||     1
Armor: Scale mail        |    24 |    69 |    44 |       ||   137
       Ring mail         |       |       |    35 |   105 ||   140
       Skin              |       |       |    23 |       ||    23
Dodge: Dodged            |    31 |    68 |    93 |   188 ||   380
Block: Other             |       |     8 |    46 |     3 ||    57
       Reflection        |       |       |     1 |       ||     1
       Rpst.: Long sword |     7 |    25 |    22 |       ||    54
       Scimitar          |       |       |     4 |    63 ||    67
